AoeStats
← BottleDry

Arena

505110229Analyzed
4v4 RM · 26d ago on Sep 7, 2026· 45m 20s· 8 players
Game mode
Random Map
Map size
Large (8 player)
Population
200
Speed
Normal
Resources
Standard
Victory
Conquest
Starting age
Dark Age
Ending age
Imperial Age
RankedLock teamsTeams togetherTeam positionsShared explorationLock speedFull tech treeHidden civsTurbo modeCheats
Victory
Defeat
🇧🇷 Turks · Brazil
1025
+9
🇧🇷 Franks · Brazil
919
+13
🇮🇪 Spanish · Ireland
914
+40
🇨🇱 Huns · Chile
789
+19
🇵🇪 Khmer · Peru
909
-16
🇪🇸 Armenians · Spain
895
-15
🇺🇸 Spanish · United States
847
-13
804
-11
BottleDry
11:19 Feudal Age
13:21 Double-Bit Axe
15:47 Castle Age
13:59 Gold Mining
14:52 Stone Mining
17:41 Bow Saw
18:17 Horse Collar
18:38 Loom
19:52 Heavy Plow
27:29 Wheelbarrow
27:49 Padded Archer Armor
27:56 Inquisition
27:50 Fletching
27:58 Town Watch
28:34 Hand Cart
33:10 Imperial Age
31:36 Bodkin Arrow
31:56 Leather Archer Armor
32:40 Ballistics
32:17 Murder Holes
32:33 Fortified Wall
33:08 Town Patrol
33:47 Thumb Ring
33:11 Capped Ram
34:23 Conscription
34:34 Ring Archer Armor
34:08 Bracer
34:46 Siege Ram
35:51 Elite Conquistador
38:26 Ring Archer Armor
revientamuros
0:38 Loom
12:03 Feudal Age
12:53 Town Watch
12:56 Double-Bit Axe
15:33 Wheelbarrow
15:55 Horse Collar
18:55 Castle Age
17:43 Stone Mining
18:03 Gold Mining
20:08 Bow Saw
20:45 Fervor
21:16 Fletching
21:28 Padded Archer Armor
22:11 Sanctity
22:00 Squires
22:49 Hand Cart
24:08 Heavy Plow
27:38 Ballistics
27:40 Bodkin Arrow
29:03 Gold Shaft Mining
32:02 Imperial Age
30:09 Scale Mail Armor
30:20 Forging
30:23 Masonry
31:49 Leather Archer Armor
33:06 Conscription
32:57 Bracer
33:13 Chain Mail Armor
34:06 Chemistry
33:32 Elite Composite Bowman
33:49 Man-at-Arms
34:14 Gambesons
34:15 Arson
35:17 Fereters
36:06 Murder Holes
37:43 Iron Casting
38:11 Fortified Wall
Templario_123_1
0:28 Loom
12:38 Feudal Age
17:27 Castle Age
15:17 Double-Bit Axe
15:17 Horse Collar
15:51 Gold Mining
15:55 Stone Mining
19:38 Bow Saw
20:37 Heavy Plow
22:09 Wheelbarrow
27:45 Hand Cart
27:59 Crossbowman
28:02 Elite Skirmisher
30:56 Caravan
31:26 Coinage
34:34 Imperial Age
32:19 Fortified Wall
32:08 Fletching
32:14 Pikeman
34:04 Tusk Swords
34:03 Bodkin Arrow
34:10 Padded Archer Armor
34:08 Murder Holes
34:34 Ballistics
35:23 Forging
35:43 Conscription
35:25 Double Crossbow
35:54 Onager
37:07 Halberdier
41:58 Leather Archer Armor
41:44 Bracer
42:20 Man-at-Arms
TRMN. no pain, no gain
10:27 Loom
12:57 Feudal Age
14:36 Double-Bit Axe
19:57 Castle Age
19:20 Forging
19:37 Stone Mining
21:01 Gold Mining
21:14 Horse Collar
23:41 Bow Saw
25:03 Stone Shaft Mining
29:13 Imperial Age
28:21 Heavy Plow
Ger
1:20 Loom
11:05 Feudal Age
12:43 Wheelbarrow
12:08 Town Watch
16:59 Double-Bit Axe
19:26 Horse Collar
23:41 Scale Mail Armor
23:43 Padded Archer Armor
23:56 Forging
27:31 Castle Age
30:15 Bow Saw
30:44 Town Patrol
32:14 Hand Cart
34:40 Heavy Plow
AGOFEM
11:04 Feudal Age
16:13 Castle Age
14:38 Double-Bit Axe
15:33 Wheelbarrow
22:01 Caravan
23:46 Gold Mining
30:26 Imperial Age
27:45 Loom
28:17 Hand Cart
28:17 Bow Saw
29:26 Scale Barding Armor
29:32 Forging
31:07 Chain Barding Armor
31:13 Husbandry
30:47 Cavalier
31:13 Light Cavalry
32:45 Coinage
32:54 Plate Barding Armor
32:55 Iron Casting
32:01 Paladin
42:09 Gold Shaft Mining
41:24 Stone Mining
44:38 Blast Furnace
CACO
1:10 Loom
10:27 Feudal Age
12:15 Wheelbarrow
12:15 Horse Collar
12:43 Double-Bit Axe
16:57 Castle Age
16:11 Gold Mining
16:38 Stone Mining
18:31 Bow Saw
19:54 Wheelbarrow
19:06 Town Watch
23:34 Heavy Plow
25:30 Hand Cart
31:09 Imperial Age
29:54 Forging
29:51 Scale Barding Armor
30:28 Marauders
31:11 Iron Casting
30:44 Husbandry
30:56 Bloodlines
31:32 Town Patrol
32:46 Gold Shaft Mining
31:37 Elite Tarkan
32:38 Conscription
32:23 Caravan
35:00 Blast Furnace
34:21 Chain Barding Armor
37:43 Two-Man Saw
37:43 Plate Barding Armor
40:56 Murder Holes
41:22 Ballistics
Fox_Killer
11:28 Feudal Age
15:47 Castle Age
14:35 Double-Bit Axe
17:50 Fervor
19:58 Horse Collar
21:34 Heavy Plow
25:59 Bow Saw
30:13 Imperial Age
27:29 Loom
28:40 Wheelbarrow
28:33 Gold Mining
28:36 Fletching
28:56 Scale Barding Armor
30:06 Hand Cart
34:34 Town Watch
38:03 Artillery
41:20 Gold Shaft Mining
40:58 Forging
41:08 Chain Barding Armor
43:25 Stone Mining
44:38 Two-Man Saw
Connection lost

Rejoining the realm…

Still unreachable

The connection could not be restored.

Session expired

The server has moved on; the page needs a fresh start.